 Dungeon Crawl Stone Soup version 0.21.1-1-g345015f (webtiles) character file.

231 sking99 the Stinger (level 5, 9/28 HPs)
             Began as a Deep Elf Venom Mage on June 23, 2018.
             Was a Follower of Sif Muna.
             Quit the game on level 5 of the Dungeon.
             The game lasted 00:14:11 (4764 turns).

sking99 the Stinger (Deep Elf Venom Mage)           Turns: 4764, Time: 00:14:11

Health: 9/28       AC:  2    Str:  5    XL:     5   Next: 72%
Magic:  14/14      EV: 13    Int: 21    God:    Sif Muna [*.....]
Gold:   286        SH:  0    Dex: 15    Spells: 3/13 levels left

rFire    . . .     SeeInvis .   f - +0 dagger (drain)
rCold    . . .     Gourm    .   (no shield)
rNeg     . . .     Faith    .   a - +0 robe
rPois    .         Spirit   .   (no helmet)
rElec    .         Reflect  .   (no cloak)
rCorr    .         Harm     .   (no gloves)
MR       .....                  (no boots)
Stlth    ++........             (no amulet)
HPRegen  0.09/turn              (no ring)
MPRegen  0.14/turn              (no ring)

@: no status effects
A: no striking features
a: Divine Energy, Renounce Religion


You were on level 5 of the Dungeon.
You worshipped Sif Muna.
Sif Muna was aware of your devotion.
You were hungry.

You visited 1 branch of the dungeon, and saw 5 of its levels.

You collected 286 gold pieces.

Inventory:

Hand Weapons
 f - a +0 dagger of draining (weapon)
Armour
 a - a +0 robe (worn)
Jewellery
 j - an uncursed ring of flight {unknown}
Wands
 x - a wand of clouds (4)
Scrolls
 d - 2 scrolls of fog {unknown}
 e - 4 scrolls of identify {unknown}
 h - a scroll of blinking {unknown}
 k - 2 scrolls of remove curse {unknown}
 l - 2 scrolls of teleportation {unknown}
 o - 2 scrolls of amnesia {unknown}
 p - 4 scrolls of enchant weapon {unknown}
 r - a scroll of noise {unknown}
 v - a scroll of immolation {unknown}
Potions
 g - 2 potions of curing {unknown}
 i - a potion of haste {unknown}
 m - 3 potions of berserk rage {unknown}
 n - a potion of cancellation {unknown}
 q - a potion of heal wounds {unknown}
 u - a potion of mutation {unknown}
 z - a potion of brilliance {unknown}
Books
 b - a Young Poisoner's Handbook

   Spells                             Type                      Level
   a - Sting                          Conjuration/Poison           1
   b - Poisonous Vapours              Poison/Air                   2
   c - Mephitic Cloud                 Conjuration/Poison/Air       3
   d - Olgreb's Toxic Radiance        Poison                       4
   e - Venom Bolt                     Conjuration/Poison           5
 s - Jessica's Incunabulum of Boosts
   (You found it on level 3 of the Dungeon)

   Spells                             Type                      Level
   a - Infusion                       Charms                       1
 w - a book of Maledictions

   Spells                             Type                      Level
   a - Corona                         Hexes                        1
   b - Ensorcelled Hibernation        Hexes/Ice                    2
   c - Confuse                        Hexes                        3
   d - Tukima's Dance                 Hexes                        3
   e - Dazzling Spray                 Conjuration/Hexes            3
Comestibles
 c - 10 rations
 t - 2 chunks of flesh


   Skills:
 - Level 2.4 Dodging
 - Level 2.4 Stealth
 + Level 4.6 Spellcasting
 + Level 3.2 Conjurations
 + Level 2.3 Air Magic
 + Level 4.7 Poison Magic


You had 3 spell levels left.
You knew the following spells:

 Your Spells              Type           Power        Failure   Level  Hunger
a - Sting                 Conj/Pois      ###.         2%          1    None
b - Poisonous Vapours     Pois/Air       ###...       4%          2    #......
c - Mephitic Cloud        Conj/Pois/Air  ###.....     9%          3    ##.....
d - Olgreb's Toxic Radia  Pois           ####....     16%         4    ####...


Dungeon Overview and Level Annotations

Branches:
Dungeon (5/15)             Temple (0/1) D:4

Altars:
Gozag
Okawaru
Sif Muna
Yredelemnul

Shops:
D:5 =

Annotations:
D:4 tidbits's ghost, novice GnSk


Message History

The worker ant zombie misses you.
You hit the worker ant zombie but do no damage.
The worker ant zombie is moderately damaged.
The worker ant zombie closely misses you.
You barely miss the worker ant zombie.
The worker ant zombie is moderately damaged.
The worker ant zombie bites you but does no damage.
You barely miss the worker ant zombie.
The worker ant zombie is moderately damaged.
The worker ant zombie closely misses you.
You hit the worker ant zombie but do no damage.
The worker ant zombie is moderately damaged.
The worker ant zombie closely misses you.
You hit the worker ant zombie but do no damage.
The worker ant zombie is moderately damaged.
The worker ant zombie bites you.
* * * LOW HITPOINT WARNING * * *
There is a stone staircase leading up here.
Okay, then.
Are you sure you want to abandon this character and quit the game? (Confirm with "yes".)

#.###.# #####
##.##..####...#
#.............######
###
#........#..........
..###........#.#.######
#.##...........#.#
#.#....(.....###.#
#............# #Z#
#............# #@#
##........#### #.#
##.....#.# ###.#######.
##...##.# #...........
######.# #.#.########
#.####.#.# #......#.#
########.. ###


You could see a worker ant zombie.

Vanquished Creatures
  A centaur (D:4)
  Jessica (D:3)
  A worker ant (D:4)
  3 adders
  3 worms
  A dart slug (D:3)
  6 leopard geckos
  4 orcs (D:3)
  6 bats
  3 giant cockroaches
  9 goblins
  5 hobgoblins
  2 jackals (D:3)
  4 kobolds
  2 quokkas
  A ball python (D:1)
  4 rats
56 creatures vanquished.

Notes
Turn   | Place    | Note
-------+----------+-------------------------------------------
     0 | D:1      | sking99 the Deep Elf Venom Mage began the quest for the Orb.
     0 | D:1      | Reached XP level 1. HP: 10/10 MP: 6/6
   214 | D:1      | Reached XP level 2. HP: 12/15 MP: 2/8
   603 | D:1      | Learned a level 2 spell: Poisonous Vapours
  1493 | D:2      | Found an iron altar of Okawaru.
  1494 | D:2      | Found a basalt altar of Yredelemnul.
  1494 | D:2      | Found a deep blue altar of Sif Muna.
  1507 | D:2      | Became a worshipper of Sif Muna the Loreminder
  1662 | D:2      | Reached XP level 3. HP: 19/19 MP: 3/9
  2407 | D:3      | Noticed Jessica
  2410 | D:3      | Killed Jessica
  2410 | D:3      | Reached skill level 1 in Air Magic
  2410 | D:3      | Reached XP level 4. HP: 24/24 MP: 4/11
  2419 | D:3      | Identified Jessica's Incunabulum of Boosts
  2883 | D:3      | Found a faded altar of an unknown god.
  2884 | D:3      | Noticed a phantom
  3044 | D:3      | Learned a level 3 spell: Mephitic Cloud
  3049 | D:3      | Learned a level 4 spell: Olgreb's Toxic Radiance
  3586 | D:4      | Noticed a centaur
  3590 | D:4      | Noticed tidbits's ghost (novice GnSk)
  4153 | D:4      | Killed a centaur
  4153 | D:4      | Reached XP level 5. HP: 9/28 MP: 0/13
  4425 | D:4      | Reached * piety under Sif Muna
  4496 | D:4      | Found an opulent altar of Gozag.
  4533 | D:4      | Found a staircase to the Ecumenical Temple.
  4607 | D:5      | Entered Level 5 of the Dungeon
  4705 | D:5      | Found Nirha's Jewellery Shop.
  4764 | D:5      | Quit the game

Skill      XL: |  1  2  3  4 |
---------------+-------------+-----
Conjurations   | 2 3 |  3.2
Poison Magic   | 4 |  4.7
Air Magic      | 1 2 |  2.3
Spellcasting   | 4 |  4.6
Dodging        | |  2.4
Stealth        | |  2.4

Action                   |  1- 3 |  4- 6 || total
-------------------------+-------+-------++-------
Melee: Dagger            |     2 |    31 ||    33
 Cast: Sting             |    57 |    26 ||    83
       Poisonous Vapours |    16 |    43 ||    59
  Eat: Chunk             |     4 |     8 ||    12
Armor: Robe              |     4 |     4 ||     8
Dodge: Dodged            |    28 |    31 ||    59
